 Dungeon Sprint DCSS version 0.24.0-41-g2ae2f7f1be (webtiles) character file.

Game seed: 2021978628446506795, levelgen mode: deterministic

8129 McKennaii the Fencer (level 11, -1/92 HPs)
             Began as a Demonspawn Fighter on Dec 9, 2019.
             Was the Champion of Makhleb.
             Slain by a catoblepas (10 damage)
             ... while petrified by you
             ... in the Dungeon (Sprint IX: "|||||||||||||||||||||||||||||").
             The game lasted 00:09:02 (1366 turns).

McKennaii the Fencer (Demonspawn Fighter)           Turns: 1366, Time: 00:09:02

Health: -1/92      AC: 19    Str: 19    XL:     11   Next: 5%
Magic:  0/11       EV:  2    Int: 13    God:    Makhleb [******]
Gold:   0          SH:  0    Dex: 17    Spells: 10/10 levels left

rFire    . . .     SeeInvis .   q - +2 scimitar (vamp)
rCold    . . .     Gourm    .   c - +0 shield
rNeg     + + +     Faith    .   s - +0 plate armour
rPois    ∞         Spirit   +   (no helmet)
rElec    .         Reflect  .   (no cloak)
rCorr    .         Harm     .   (no gloves)
MR       .....     NoTele   +   r - +0 pair of boots
Stlth    ..........             (no amulet)
HPRegen  0.25/turn              t - +2 ring of protection
MPRegen  0.24/turn              u - +3 ring of intelligence

@: petrified
A: hooves 2, thin skeletal structure 2, demonic guardian 1, magic shield, magic
regeneration
a: Minor Destruction, Lesser Servant of Makhleb, Major Destruction, Greater
Servant of Makhleb, Renounce Religion


You were in the Dungeon.
You worshipped Makhleb.
Makhleb was exalted by your worship.
You were very hungry.

You visited 1 branch

Inventory:

Hand Weapons
 a - a +0 long sword
 q - a +2 vampiric scimitar (weapon)
Armour
 b - a +0 scale mail
 c - a +0 shield (worn)
 r - a +0 pair of boots (worn)
 s - a +0 plate armour (worn)
Jewellery
 t - a +2 ring of protection (left hand)
 u - a +3 ring of intelligence (right hand)
Wands
 p - a wand of iceblast (10)
Scrolls
 k - 2 scrolls of blinking
 n - 4 scrolls of remove curse
 o - 2 scrolls of amnesia
 y - 4 scrolls of enchant armour
 z - 3 scrolls of identify
 A - a scroll of fear
Potions
 d - a potion of might
 e - a potion of invisibility
 h - a potion of haste
 i - 4 potions of magic
 j - a potion of berserk rage
 m - 5 potions of curing
 v - 2 potions of agility
 w - a potion of mutation
 x - a potion of resistance
Comestibles
 f - a ration


   Skills:
 + Level 10.3 Fighting
 * Level 15.7 Long Blades
 * Level 13.5 Armour
 + Level 3.1 Dodging
 + Level 4.1 Stealth
 + Level 8.4 Shields


You had 10 spell levels left.
You didn't know any spells.
Your spell library was empty.

Dungeon Overview and Level Annotations

Branches:
Dungeon (1/1)

Altars:
Cheibriados
Dithmenos
Elyvilon
Fedhas
Gozag
Hepliaklqana
Kikubaaqudgha
Makhleb
Nemelex Xobeh
Okawaru
Qazlal
Ru
Sif Muna
Trog
Uskayaw
Vehumet
Wu Jian
Xom
Yredelemnul
Zin
The Shining One
Beogh
Jiyva
Lugonu


Innate Abilities, Weirdness & Mutations

You have hoof-like feet.
You have a moderately thin skeletal structure. (Dex +4, Stealth+)
A weak demonic guardian rushes to your aid.
When hurt, damage is shared between your health and your magic reserves.
You regenerate magic rapidly.


Message History

The blast of calcifying dust hits your quasit.
Your quasit is engulfed in calcifying dust.
You have turned to stone.
You are engulfed in calcifying dust.
Your quasit is engulfed in calcifying dust.
The catoblepas gores you!
* * * LOW HITPOINT WARNING * * *
Your iron imp is engulfed in calcifying dust.
Your iron imp disappears in a puff of smoke!
Your quasit is engulfed in calcifying dust.
The catoblepas gores you.
Your quasit is engulfed in calcifying dust.
The catoblepas breathes a plume of calcifying dust at you.
The blast of calcifying dust hits you.
* * * LOW HITPOINT WARNING * * *
The blast of calcifying dust hits your quasit.
The blast of calcifying dust hits your quasit!
Your quasit dies!
You are engulfed in calcifying dust.
The catoblepas gores you!!
You die...

▓Y▓.▓_▓
▓.▓.▓_▓
▓.▓.▓_▓
▓†▓.▓_▓
▓.▓.▓_▓
▓.▓.▓_▓
▓Y▓.▓_▓
▓Y▓.▓_▓
▓@▓.▓_▓
▓5▓.▓_▓
▓.▓.▓_▓
▓§▓.▓_▓
▓.▓.▓_▓
▓.▓.▓_▓
▓.▓.▓'▓
▓[▓.▓.▓
▓)▓.▓.▓


You could see a catoblepas, a yak and a friendly quasit.

Vanquished Creatures
  A catoblepas (D)
  6 death yaks (D)
  An unseen horror (D)
  A black mamba (D)
  2 spiny frogs (D)
  A komodo dragon (D)
  A hippogriff (D)
  A wraith (D)
  A yak (D)
  A basilisk (D)
  A water moccasin (D)
  4 porcupines (D)
  A sky beast (D)
  2 centaurs (D)
  2 crocodiles (D)
  2 bullfrogs (D)
  A wight (D)
  A howler monkey (D)
  A hound (D)
  An orc priest (D)
  An iguana (D)
  A worker ant (D)
  A gnoll (D)
  A dart slug (D)
  A leopard gecko (D)
  A giant cockroach (D)
  3 rats (D)
41 creatures vanquished.

Vanquished Creatures (collateral kills)
  An unseen horror (D)
  A porcupine (D)
  2 bullfrogs (D)
  An orc (D)
5 creatures vanquished.

Grand Total: 46 creatures vanquished

Notes
Turn   | Place    | Note
-------+----------+-------------------------------------------
     0 | D        | McKennaii the Demonspawn Fighter began the quest for the
                  | Orb.
     0 | D        | Reached XP level 1. HP: 18/18 MP: 1/1
     6 | D        | Reached skill level 2 in Long Blades
   134 | D        | Noticed a worker ant
   134 | D        | Noticed a howler monkey
   134 | D        | Noticed a hound
   150 | D        | Killed a hound
   150 | D        | Reached skill level 3 in Long Blades
   150 | D        | Gained mutation: When hurt, damage is shared between your
                  | health and your magic reserves. [demonic ancestry]
   150 | D        | Reached XP level 2. HP: 2/25 MP: 2/2
   150 | D        | Reached XP level 3. HP: 2/30 MP: 3/3
   151 | D        | HP: 1/30 [howler monkey (1)]
   156 | D        | Reached skill level 4 in Long Blades
   156 | D        | Gained mutation: You have a somewhat thin skeletal
                  | structure. (Dex +2, Stealth) [demonic ancestry]
   156 | D        | Reached XP level 4. HP: 34/38 MP: 0/4
   183 | D        | Reached skill level 5 in Long Blades
   193 | D        | Found a roughly hewn altar of Beogh.
   193 | D        | Found a snail-covered altar of Cheibriados.
   193 | D        | Found a shadowy altar of Dithmenos.
   193 | D        | Found a white marble altar of Elyvilon.
   193 | D        | Found a blossoming altar of Fedhas.
   193 | D        | Found an opulent altar of Gozag.
   194 | D        | Found a hazy altar of Hepliaklqana.
   195 | D        | Found a viscous altar of Jiyva.
   196 | D        | Found an ancient bone altar of Kikubaaqudgha.
   197 | D        | Found a corrupted altar of Lugonu.
   198 | D        | Found a burning altar of Makhleb.
   199 | D        | Found a sparkling altar of Nemelex Xobeh.
   200 | D        | Found an iron altar of Okawaru.
   201 | D        | Found a stormy altar of Qazlal.
   202 | D        | Found a sacrificial altar of Ru.
   203 | D        | Found a shimmering blue altar of Sif Muna.
   204 | D        | Found a bloodstained altar of Trog.
   205 | D        | Found a hide-covered altar of Uskayaw.
   206 | D        | Found a radiant altar of Vehumet.
   208 | D        | Became a worshipper of Makhleb the Destroyer
   210 | D        | Found an ornate altar of the Wu Jian Council.
   211 | D        | Found a shimmering altar of Xom.
   212 | D        | Found a basalt altar of Yredelemnul.
   213 | D        | Found a glowing silver altar of Zin.
   214 | D        | Found a glowing golden altar of the Shining One.
   410 | D        | Noticed a sky beast
   410 | D        | Noticed a centaur
   410 | D        | Noticed a centaur
   418 | D        | Killed a centaur
   418 | D        | Reached skill level 5 in Fighting
   418 | D        | Reached skill level 6 in Long Blades
   418 | D        | Reached skill level 5 in Armour
   418 | D        | Reached skill level 1 in Dodging
   418 | D        | Gained mutation: You have large cloven feet. [demonic
                  | ancestry]
   418 | D        | Reached XP level 5. HP: 40/44 MP: 5/5
   424 | D        | Killed a centaur
   424 | D        | Reached skill level 7 in Long Blades
   424 | D        | Reached skill level 5 in Shields
   430 | D        | Reached * piety under Makhleb
   430 | D        | Gained mutation: You have hoof-like feet. [demonic
                  | ancestry]
   430 | D        | Reached XP level 6. HP: 31/51 MP: 3/6
   436 | D        | Killed a sky beast
   436 | D        | Reached skill level 8 in Long Blades
   460 | D        | Killed an unseen horror
   460 | D        | Reached skill level 10 in Long Blades
   460 | D        | Reached XP level 7. HP: 42/59 MP: 2/7
   462 | D        | Reached ** piety under Makhleb
   513 | D        | Noticed a hippogriff
   513 | D        | Noticed a basilisk
   513 | D        | Noticed a wraith
   522 | D        | Killed a wraith
   522 | D        | Reached skill level 11 in Long Blades
   522 | D        | Gained mutation: A weak demonic guardian rushes to your
                  | aid. [demonic ancestry]
   522 | D        | Reached XP level 8. HP: 60/65 MP: 6/8
   546 | D        | Killed an unseen horror
   546 | D        | Reached skill level 12 in Long Blades
   546 | D        | Reached skill level 10 in Armour
   560 | D        | Reached *** piety under Makhleb
   571 | D        | Killed a hippogriff
   713 | D        | Noticed a black mamba
   717 | D        | Reached XP level 9. HP: 72/72 MP: 9/9
   720 | D        | Noticed a spiny frog
   735 | D        | Reached **** piety under Makhleb
   753 | D        | Noticed a spiny frog
   770 | D        | Killed a black mamba
   770 | D        | Reached skill level 13 in Long Blades
   784 | D        | Killed a spiny frog
   784 | D        | Reached ***** piety under Makhleb
   795 | D        | Killed a spiny frog
   909 | D        | Noticed a komodo dragon
   909 | D        | Noticed a death yak
   964 | D        | Killed a death yak
   964 | D        | Reached skill level 14 in Long Blades
   964 | D        | Gained mutation: You have a moderately thin skeletal
                  | structure. (Dex +4, Stealth+) [demonic ancestry]
   964 | D        | Reached XP level 10. HP: 47/82 MP: 4/10
   991 | D        | Reached ****** piety under Makhleb
  1080 | D        | Noticed a catoblepas
  1080 | D        | Noticed a death yak
  1080 | D        | Noticed a death yak
  1080 | D        | Noticed a death yak
  1080 | D        | Noticed a death yak
  1080 | D        | Noticed a death yak
  1103 | D        | Killed a death yak
  1120 | D        | Killed a death yak
  1120 | D        | Reached skill level 15 in Long Blades
  1132 | D        | Killed a death yak
  1132 | D        | Reached skill level 10 in Fighting
  1163 | D        | Noticed a catoblepas
  1190 | D        | Killed a death yak
  1218 | D        | Killed a catoblepas
  1308 | D        | Killed a death yak
  1308 | D        | Gained mutation: You regenerate magic rapidly. [demonic
                  | ancestry]
  1308 | D        | Reached XP level 11. HP: 92/92 MP: 8/11
  1366 | D        | Slain by a catoblepas

Levels and vault maps discovered:
D:        linesprint [early_d, line_temple, items_1, d_10, items_2, lair_1,
          lair_end, items_3, orc_1, orc_end, items_4, d_15, swamp_1, shoals_1,
          snake_1, spider_1, d_20, vaults_1, items_5, swamp_end, shoals_end,
          snake_end, spider_end, vaults_end, d_27, items_6, zot_1, zot_end,
          crypt_end, forest_end, elf_end, slime_end, tomb_end, abyss_end,
          pan_hell_end]

Skill      XL: |  1  2  3  4  5  6  7  8  9 10 |
---------------+-------------------------------+-----
Long Blades    | 3 4 6 7 10 11 12 14 15 | 15.7
Shields        | 3 4 5 6 7 8 |  8.4
Armour         | 3 4 5 6 8 9 10 11 13 | 13.5
Fighting       | 4 5 6 7 8 10 | 10.3
Dodging        | 1 2 3 |  3.1
Stealth        | 4 |  4.1

Action                   |  1- 3 |  4- 6 |  7- 9 | 10-12 || total
-------------------------+-------+-------+-------+-------++-------
Melee: Long sword        |    36 |    25 |       |       ||    61
       Scimitar          |       |    47 |   114 |   115 ||   276
  Use: Potion            |     1 |     1 |       |     2 ||     4
 Stab: Petrified         |       |       |       |    21 ||    21
       Petrifying        |       |       |       |     2 ||     2
  Eat: Chunk             |       |       |       |     1 ||     1
Armor: Scale mail        |    15 |     4 |       |       ||    19
       Plate armour      |       |    41 |    35 |    61 ||   137
Dodge: Dodged            |    16 |    11 |    13 |    15 ||    55
Block: Shield            |    18 |    29 |    40 |    18 ||   105
       Rpst.: Long sword |     2 |     4 |       |       ||     6
       Scimitar          |       |     1 |       |     5 ||     6
